[ AOE2 MATCH · #505676830 ]
UnrankedMaya vs Cumans
Player's team · LOSS
Rival team · WIN
[ REPLAY ANALYSIS · EXTRACTED FROM THE RECORDED GAME ]
Feudal
—
Castle
—
Imperial
—
| APM avg | 37.2 |
| APM peak | 68 |
| eAPM avg | 14.3 |
| Villagers / military | 24 / 3 |
Focus
⚔️ 21.8% · 🌾 78.2%
Militia ×3
Feudal
8:26
Castle
—
Imperial
—
| APM avg | 70.8 |
| APM peak | 87 |
| eAPM avg | 30.4 |
| Villagers / military | 43 / 0 |
Focus
⚔️ 28.8% · 🌾 71.2%
Match map
Initial resources + every placement click. Lines = walls · curves = elevation contours. ◆ gold · ⬟ stone · ● berries · ✦ relic · ◌ wall gap
Your base· Open — unwalled flank
msntt951753's base· Open — unwalled flank
Smoothed initial terrain · ◌ = detected wall gap · hover for details
Inputs per minute
— Arlechinno - - msntt951753
Build order — Arlechinno
43 actions detected in the replay
| 0:00 | Research | Loom |
| 0:00 | Research | Loom |
| 0:02 | Build | House |
| 0:03 | Build | House |
| 0:09 | Queue | Villager (Male) |
| 0:10 | Queue | Villager (Male) |
| 0:10 | Queue | Villager (Male) |
| 0:10 | Queue | Villager (Male) |
| 1:30 | Queue | Villager (Male) |
| 1:46 | Queue | Villager (Male) |
| 1:49 | Build | Lumber Camp |
| 2:06 | Queue | Villager (Male) |
| 2:44 | Queue | Villager (Male) |
| 3:06 | Queue | Villager (Male) |
| 3:39 | Queue | Villager (Male) |
| 3:53 | Build | House |
| 4:01 | Queue | Villager (Male) |
| 4:25 | Build | House |
| 4:32 | Queue | Villager (Male) |
| 4:42 | Queue | Villager (Male) |
| 5:08 | Queue | Villager (Male) |
| 5:25 | Build | Barracks |
| 5:46 | Queue | Villager (Male) |
| 6:06 | Queue | Villager (Male) |
| 6:18 | Build | House |
| 6:23 | Queue | Militia |
| 6:24 | Queue | Militia |
| 6:34 | Queue | Villager (Male) |
| 6:52 | Queue | Militia |
| 6:53 | Queue | Villager (Male) |
| 7:09 | Build | Mill |
| 7:26 | Queue | Villager (Male) |
| 7:44 | Queue | Villager (Male) |
| 7:45 | Queue | Villager (Male) |
| 7:53 | Build | Farm |
| 8:23 | Queue | Villager (Male) |
| 8:45 | Build | Farm |
| 9:03 | Queue | Villager (Male) |
| 9:26 | Queue | Villager (Male) |
| 9:42 | Build | House |
| 10:12 | Research | Feudal Age |
| 10:12 | Research | Feudal Age |
| 11:12 | Build | House |
Build order — msntt951753
65 actions detected in the replay
| 0:01 | Queue | Villager (Male) |
| 0:01 | Queue | Villager (Male) |
| 0:02 | Build | House |
| 0:03 | Build | House |
| 0:29 | Queue | Villager (Male) |
| 0:30 | Queue | Villager (Male) |
| 0:30 | Queue | Villager (Male) |
| 1:28 | Queue | Villager (Male) |
| 1:28 | Queue | Villager (Male) |
| 2:00 | Queue | Villager (Male) |
| 2:01 | Queue | Villager (Male) |
| 2:09 | Build | Lumber Camp |
| 2:27 | Queue | Villager (Male) |
| 2:27 | Queue | Villager (Male) |
| 2:55 | Queue | Villager (Male) |
| 2:55 | Queue | Villager (Male) |
| 2:55 | Queue | Villager (Male) |
| 3:17 | Queue | Villager (Male) |
| 3:18 | Queue | Villager (Male) |
| 3:34 | Queue | Villager (Male) |
| 3:34 | Queue | Villager (Male) |
| 3:55 | Build | House |
| 4:22 | Queue | Villager (Male) |
| 4:52 | Build | Mill |
| 5:01 | Queue | Villager (Male) |
| 5:01 | Queue | Villager (Male) |
| 5:03 | Queue | Villager (Male) |
| 5:04 | Queue | Villager (Male) |
| 5:04 | Queue | Villager (Male) |
| 5:15 | Queue | Villager (Male) |
| 5:15 | Queue | Villager (Male) |
| 5:15 | Queue | Villager (Male) |
| 5:29 | Research | Loom |
| 5:30 | Research | Loom |
| 6:16 | Research | Feudal Age |
| 6:17 | Research | Feudal Age |
| 6:33 | Queue | Villager (Male) |
| 6:33 | Queue | Villager (Male) |
| 7:13 | Queue | Villager (Male) |
| 7:13 | Queue | Villager (Male) |
| 7:44 | Build | House |
| 7:50 | Build | Palisade Wall |
| 7:51 | Build | Palisade Wall |
| 7:56 | Build | Palisade Wall |
| 7:57 | Build | Palisade Wall |
| 8:01 | Queue | Villager (Male) |
| 8:24 | Build | Palisade Wall |
| 8:24 | Build | Palisade Wall |
| 8:26 | Age | Feudal Age |
| 8:40 | Build | Town Center |
| 8:59 | Queue | Villager (Male) |
| 9:24 | Queue | Villager (Male) |
| 9:46 | Queue | Villager (Male) |
| 10:00 | Build | Palisade Wall |
| 10:05 | Queue | Villager (Male) |
| 10:41 | Build | Watch Tower |
| 10:45 | Queue | Villager (Male) |
| 10:45 | Queue | Villager (Male) |
| 10:45 | Queue | Villager (Male) |
| 11:10 | Build | Palisade Wall |
| 11:10 | Build | Palisade Wall |
| 11:16 | Queue | Villager (Male) |
| 11:16 | Queue | Villager (Male) |
| 11:43 | Queue | Villager (Male) |
| 11:44 | Queue | Villager (Male) |
Match timeline
| 5:25 | Arlechinno · first_building Barracks |
| 7:50 | msntt951753 · wall_segment Palisade Wall x1 |
| 7:51 | msntt951753 · wall_segment Palisade Wall x1 |
| 7:56 | msntt951753 · wall_segment Palisade Wall x1 |
| 7:57 | msntt951753 · wall_segment Palisade Wall x1 |
| 8:24 | msntt951753 · wall_segment Palisade Wall x1 |
| 8:24 | msntt951753 · wall_segment Palisade Wall x1 |
| 8:26 | msntt951753 · age_up feudal |
| 10:00 | msntt951753 · wall_segment Palisade Wall x1 |
| 11:10 | msntt951753 · wall_segment Palisade Wall x1 |
| 11:10 | msntt951753 · wall_segment Palisade Wall x1 |
| 12:21 | Arlechinno · resign |
[ AI ANALYSIS · 1 CREDIT ]
What really happened in this match?
Wolo.gg analyzes every decision: build order, eco, micro, common mistakes by bracket. Personalized analysis on WhatsApp or Discord in 30 seconds.
Civ guide
Maya
Perfil
Jugador #2878663